[Event "Team 45 45 League T63"]
[Site "Internet Chess Club"]
[Date "2014.12.20"]
[Round "4"]
[White "SALJOMA"]
[Black "Jyzzslynggur"]
[Result "0-1"]
[WhiteElo "1424"]
[BlackElo "1716"]
[Opening "Scandinavian: Pytel-Wade variation"]
[ECO "B01"]
[Time "08:00:14"]
[TimeControl "2700+45"]

1. e4 d5 2. exd5 Qxd5 3. Nc3 Qd6 4. d4 Nf6 5. Nf3 c6 6. Be3 Bg4 7. Be2 Nbd7 8.
O-O h6 9. h3 Bxf3 10. Bxf3 e6 11. Qd2 Qc7 12. Rfd1 Bd6 13. Ne2 O-O-O 14. Bf4 e5
15. dxe5 Nxe5 16. Qc3 Rhe8 17. Re1 Nxf3+ 18. Qxf3 Rxe2 19. Rxe2 Bxf4 20. Rae1
Bd6 21. a4 Kb8 22. c3 Qa5 23. Ra1 Rd7 24. b4 Qd8 25. Rb2 Be5 26. b5 Rd3 27. Qe2
Bxc3 28. Rb3 Rd2 29. Qf3 Bxa1 30. Rb1 Qd4 31. bxc6 b6 32. a5 Kc7 33. axb6+ axb6
34. Qg3+ Kxc6 35. Rc1+ Kd5 36. Rf1 Ne4 37. Qb3+ Ke5 38. Qxf7 Rxf2 39. Rxf2 Qxf2+
40. Qxf2 Bd4 41. Qxd4+ Kxd4 42. Kf1 b5 43. Ke1 b4 44. Kd1 Kc3 45. Kc1 b3 46. Kb1
b2 47. g4 Nd2+ 48. Ka2 b1=Q+ 49. Ka3 Qb3# {White checkmated} 0-1

[Event "Team 45 45 League T63"]
[Site "Internet Chess Club"]
[Date "2014.12.21"]
[Round "4"]
[White "kingphisch"]
[Black "smsxman"]
[Result "1-0"]
[WhiteElo "1526"]
[BlackElo "1439"]
[Opening "Scotch gambit"]
[ECO "C44"]
[Time "13:00:48"]
[TimeControl "2700+45"]

1. e4 e5 2. Nf3 Nc6 3. d4 exd4 4. Bc4 d6 5. c3 Nf6 6. O-O Be7 7. Re1 O-O 8. cxd4
d5 9. exd5 Nxd5 10. Nc3 Nxc3 11. bxc3 Bg4 12. Bf4 Bxf3 13. Qxf3 Na5 14. Bd3 Bf6
15. Be5 Nc6 16. Bxf6 Qxf6 17. Qxf6 gxf6 18. Re3 Rad8 19. Rae1 Rd5 20. Rg3+ Rg5
21. Rh3 Rg7 22. Re4 f5 23. Ree3 f4 24. Re4 Nd8 25. Bc4 a6 26. a4 b5 27. axb5
axb5 28. Bxb5 Ne6 29. Rd3 f5 30. Rxe6 {Black resigns} 1-0

[Event "Team 45 45 League T63"]
[Site "Internet Chess Club"]
[Date "2014.12.21"]
[Round "4"]
[White "BrerRabbit"]
[Black "pcvan"]
[Result "0-1"]
[WhiteElo "1498"]
[BlackElo "1583"]
[Opening "Réti: King's Indian attack, French variation"]
[ECO "A07"]
[Time "19:00:59"]
[TimeControl "2700+45"]

1. Nf3 d5 2. g3 Nf6 3. Bg2 e6 4. O-O c5 5. d3 Nc6 6. Nbd2 Be7 7. e4 O-O 8. Re1
dxe4 9. dxe4 Nd4 10. c3 Nxf3+ 11. Bxf3 Qc7 12. Nc4 e5 13. Be3 Be6 14. Qe2 Rad8
15. Rad1 a6 16. b3 b5 17. Nb2 Qa5 18. Nd3 Qc7 19. Nb2 Nd7 20. Bg4 Bxg4 21. Qxg4
Nf6 22. Qf3 Qc6 23. Bg5 Rxd1 24. Nxd1 Rd8 25. Bxf6 Bxf6 26. Qe2 Bg5 27. Ne3 Qxe4
28. c4 Bxe3 29. Qxe3 Qxe3 30. Rxe3 f6 31. Kf1 Rd2 32. Re2 Rd1+ 33. Re1 Rd4 34.
f3 bxc4 35. bxc4 Rxc4 36. Rd1 Rd4 37. Rb1 Ra4 38. Rb2 c4 39. Ke2 Ra3 40. Rc2 Ra4
41. Ke3 Kf7 42. Ke4 Ke6 43. Ke3 Ra3+ 44. Ke2 Kd5 45. Rd2+ Kc5 {White resigns}
0-1

[Event "Team 45 45 League T63"]
[Site "Internet Chess Club"]
[Date "2014.12.21"]
[Round "4"]
[White "JOFRAN"]
[Black "PsyMar"]
[Result "1-0"]
[WhiteElo "1438"]
[BlackElo "1264"]
[Opening "King's Indian: Andersson variation"]
[ECO "E92"]
[Time "11:18:24"]
[TimeControl "2700+45"]

1. d4 Nf6 2. c4 g6 3. Nc3 Bg7 4. e4 d6 5. Nf3 O-O 6. Be2 e5 7. dxe5 dxe5 8. Qxd8
Rxd8 9. Bg5 h6 10. Bxf6 Bxf6 11. Nd5 Bg7 12. Nxc7 Be6 13. Nxa8 Na6 14. Rd1 Rxa8
15. a3 Rc8 16. b3 Bf8 17. a4 Nb4 18. O-O f5 19. Nxe5 fxe4 20. Nxg6 Bc5 21. Nf4
Bf5 22. Nd5 Nxd5 23. Rxd5 Bh7 24. Rfd1 e3 25. Rd8+ Rxd8 26. Rxd8+ Kg7 27. fxe3
Bxe3+ 28. Kf1 Bc2 29. Rd7+ Kf6 30. Rxb7 Ke5 31. b4 Bxa4 32. b5 Ke4 33. Rd7 Kf4
34. Bd3 h5 35. Ke2 a6 36. Rf7+ Ke5 37. Kxe3 {Black resigns} 1-0

[Event "Team 45 45 League T63"]
[Site "Internet Chess Club"]
[Date "2014.12.19"]
[Round "4"]
[White "drsigmund1"]
[Black "CaptK"]
[Result "1/2-1/2"]
[WhiteElo "1491"]
[BlackElo "1767"]
[Opening "Queen's pawn: London system"]
[ECO "A45"]
[Time "19:34:29"]
[TimeControl "2700+45"]

1. d4 Nf6 2. Bf4 g6 3. Nc3 Bg7 4. e4 d6 5. Be2 O-O 6. Qd2 Nfd7 7. O-O-O Nc6 8.
Nf3 e5 9. Bg5 Qe8 10. d5 Ne7 11. Bh6 Nc5 12. Bxg7 Kxg7 13. h4 Bg4 14. Ng5 Bxe2
15. Qxe2 h6 16. Nf3 a6 17. g4 b5 18. Qe3 b4 19. Nb1 Qa4 20. Nxe5 Qxa2 21. Nd3
Nxd3+ 22. Rxd3 Rab8 23. e5 Nc8 24. h5 g5 25. f4 gxf4 26. Qxf4 f6 27. e6 Ne7 28.
Qe4 b3 29. c3 Qa5 30. g5 fxg5 31. Qd4+ Kg8 32. Qe4 Rf2 33. Rd2 Rf4 34. Qd3 Rbf8
35. Rg2 Rf2 36. Rxf2 Rxf2 37. Kd1 Rxb2 38. Rf1 Qa1 39. Rf8+ Kxf8 40. Qf3+ Kg8
41. Qf7+ Kh8 42. Qf6+ Kg8 43. Qf7+ Kh8 44. Qf6+ Kg8 45. Qf7+ {Game drawn by
repetition} 1/2-1/2

[Event "Team 45 45 League T63"]
[Site "Internet Chess Club"]
[Date "2014.12.20"]
[Round "4"]
[White "tryanything"]
[Black "smsxman"]
[Result "1/2-1/2"]
[WhiteElo "1540"]
[BlackElo "1442"]
[Opening "Philidor's defense"]
[ECO "C41"]
[Time "04:00:34"]
[TimeControl "2700+45"]

1. e4 e5 2. Nf3 d6 3. Bc4 Nf6 4. d3 Be7 5. O-O O-O 6. h3 Nc6 7. Nc3 a6 8. Re1 b5
9. Bb3 Na5 10. Nd5 Nxb3 11. Nxe7+ Qxe7 12. axb3 Bb7 13. Qe2 Rfe8 14. c4 bxc4 15.
bxc4 c5 16. Bd2 h6 17. b4 Rad8 18. Reb1 Rb8 19. b5 axb5 20. Rxb5 Bc6 21. Rba5
Ra8 22. Qd1 Rxa5 23. Rxa5 Ra8 24. Qa1 Rxa5 25. Qxa5 Qb7 26. Qc3 Nd7 27. Nh4 Nf8
28. Nf5 Qc7 29. Qa5 Qd7 30. Qb6 Kh7 31. Ba5 g6 32. Ne3 Ne6 33. Ng4 Kg7 34. f3 h5
35. Nf2 Nd4 36. Qd8 Qxd8 37. Bxd8 Kf8 38. Kf1 Ke8 39. Bg5 Kd7 40. Ke1 Ba4 41.
Kd2 Ke6 42. Be3 Nc6 43. Nd1 Bxd1 44. Kxd1 Nb4 45. Ke2 f6 46. Bd2 Nc6 47. Be3 Ne7
48. g4 h4 49. g5 f5 50. Bf2 fxe4 51. fxe4 Nc6 52. Bxh4 Nd4+ 53. Kf2 Kf7 54. Bg3
Ne6 55. h4 Kg7 56. Ke3 Nd4 57. Bf2 Nc2+ 58. Kd2 Nb4 59. Be1 Nc6 60. Ke3 Nd4 61.
Ba5 Kf7 62. Bc7 Ke7 63. Ba5 Ne6 64. Bc3 Nf4 65. Be1 Ke6 66. Bg3 Nh5 67. Kf3 Ng7
68. Be1 Kd7 69. Kg4 Ke6 70. Ba5 Nh5 71. Bd2 Ng7 72. Ba5 Nh5 73. Bd2 Kd7 74. Kf3
Kc6 75. Kg4 Kd7 76. Kf3 Ng7 77. Kg4 Ne6 78. Kf3 Nd4+ 79. Kf2 Ke7 80. Be3 Ne6 81.
Kg3 Ng7 82. Bf2 Ke6 83. Kf3 Nh5 84. Bg3 Kd7 85. Kg4 Kc6 86. Kf3 Kb6 87. Be1 Nf4
88. Ke3 Ng2+ 89. Ke2 Nf4+ 90. Ke3 Kc6 91. Bg3 Nh5 92. Kf3 Kb6 93. Be1 Nf4 94.
Ke3 Ng2+ 95. Ke2 Nf4+ 96. Ke3 Nh5 97. Kf3 {Game drawn by repetition} 1/2-1/2

[Event "Team 45 45 League T63"]
[Site "Internet Chess Club"]
[Date "2014.12.20"]
[Round "4"]
[White "Leon13"]
[Black "GideonL"]
[Result "0-1"]
[WhiteElo "1396"]
[BlackElo "1653"]
[Opening "Giuoco Pianissimo: Italian four knights variation"]
[ECO "C47"]
[Time "11:11:50"]
[TimeControl "2700+45"]

1. e4 e5 2. Nf3 Nc6 3. Nc3 Nf6 4. Bc4 Bc5 5. d3 O-O 6. O-O d6 7. h3 Nd4 8. Bg5
h6 9. Bh4 Be6 10. Nh2 Kh7 11. Ng4 Bxg4 12. hxg4 g5 13. Bg3 Qd7 14. Nd5 Nxd5 15.
Bxd5 c6 16. Bb3 a5 17. c3 Ne6 18. d4 exd4 19. Bxe6 Qxe6 20. cxd4 Bb6 21. e5 dxe5
22. Bxe5 Kg6 23. f4 f5 24. Re1 Qd5 25. fxg5 hxg5 26. Qd3 Rae8 27. Rf1 Rxe5 28.
gxf5+ Rfxf5 29. g4 Bxd4+ 30. Kh2 Bg1+ 31. Kxg1 Qxd3 32. gxf5+ Rxf5 33. Rfd1 Qg3+
{White resigns} 0-1

[Event "Team 45 45 League T63"]
[Site "Internet Chess Club"]
[Date "2014.12.22"]
[Round "4"]
[White "sdcohle"]
[Black "oldbookseller"]
[Result "0-1"]
[WhiteElo "1352"]
[BlackElo "1047"]
[Opening "QGD: 4.Bg5 Nbd7"]
[ECO "D51"]
[Time "15:00:55"]
[TimeControl "2700+45"]

1. d4 d5 2. c4 e6 3. Nc3 Nf6 4. Bg5 Nbd7 5. Nf3 Be7 6. cxd5 exd5 7. e3 O-O 8.
Bd3 b6 9. O-O Bb7 10. Rc1 c6 11. a3 Qb8 12. Re1 Qd6 13. e4 dxe4 14. Nxe4 Qd5 15.
Bc4 Qf5 16. Nd6 Bxd6 17. Bd3 Qd5 18. Qc2 g6 19. Qc3 Ng4 20. h3 Bh2+ 21. Nxh2
Nxh2 22. Bh6 c5 23. Bxf8 Qxg2# {White checkmated} 0-1

[Event "Team 45 45 League T63"]
[Site "Internet Chess Club"]
[Date "2014.12.19"]
[Round "4"]
[White "gtmorton"]
[Black "LazyPeon"]
[Result "1-0"]
[WhiteElo "1907"]
[BlackElo "1753"]
[Opening "King's Indian: Torre attack"]
[ECO "A48"]
[Time "14:26:33"]
[TimeControl "2700+45"]

1. d4 Nf6 2. Nf3 g6 3. Bg5 Bg7 4. Nbd2 O-O 5. c3 d6 6. e4 c5 7. dxc5 dxc5 8. Bc4
Nc6 9. h3 Qc7 10. O-O Rd8 11. Qe2 h6 12. Be3 Ne5 13. Nxe5 Qxe5 14. f4 Qc7 15.
Qf2 b6 16. Bb3 Bb7 17. Bc2 Rd7 18. c4 Rad8 19. e5 Rxd2 20. Bxd2 Ne4 21. Bxe4
Bxe4 22. Rfe1 Bd3 23. b3 f6 24. Bc3 f5 25. Rad1 Be4 26. Rxd8+ Qxd8 27. Qd2 Qxd2
28. Bxd2 Kf7 29. Kf2 Ke8 30. Rxe4 fxe4 31. Ke3 e6 32. g4 Kd7 33. Kxe4 a6 34. a4
Ke7 35. f5 gxf5+ 36. gxf5 Bf8 37. f6+ Kf7 38. Kf4 Kg6 39. Kg4 h5+ 40. Kh4 Kf5
41. Kxh5 Kxe5 42. Kg6 {Black resigns} 1-0

[Event "Team 45 45 League T63"]
[Site "Internet Chess Club"]
[Date "2014.12.20"]
[Round "4"]
[White "GivePeasAChance"]
[Black "fkramer"]
[Result "1-0"]
[WhiteElo "1809"]
[BlackElo "1809"]
[Opening "English opening"]
[ECO "A13"]
[Time "10:33:50"]
[TimeControl "2700+45"]

1. c4 e6 2. g3 f5 3. Bg2 Nf6 4. Nc3 c6 5. d3 d5 6. cxd5 exd5 7. Nh3 Bd6 8. O-O
O-O 9. e4 fxe4 10. dxe4 dxe4 11. Ng5 Bg4 12. Qb3+ Kh8 13. Nf7+ Rxf7 14. Qxf7
Nbd7 15. Nxe4 Nxe4 16. Bxe4 Nf6 17. Bg2 Qb6 18. Be3 Qb5 19. Rfc1 Re8 20. Qc4 Qf5
21. Bf4 Be2 22. Qd4 Bf8 23. Rc3 c5 24. Qd2 Ba6 25. Re3 Rxe3 26. Bxe3 Ne4 27. Qd8
h6 28. Bxe4 Qxe4 29. Qxf8+ Kh7 30. Qxc5 b6 31. Qd4 Qb7 32. Re1 Qf7 33. b3 Bb7
34. Qf4 Qd5 35. f3 Qa5 36. Re2 Ba6 37. Qe4+ Kg8 38. b4 Qa4 39. Rd2 Qb5 40. Qd5+
{Black resigns} 1-0

[Event "Team 45 45 League T63"]
[Site "Internet Chess Club"]
[Date "2014.12.21"]
[Round "4"]
[White "freakypawn"]
[Black "chessjav"]
[Result "0-1"]
[WhiteElo "1749"]
[BlackElo "1892"]
[Opening "Grünfeld: exchange, Spassky variation"]
[ECO "D87"]
[Time "11:00:27"]
[TimeControl "2700+45"]

1. d4 Nf6 2. c4 g6 3. Nc3 d5 4. cxd5 Nxd5 5. e4 Nxc3 6. bxc3 Bg7 7. Bc4 O-O 8.
Ne2 c5 9. O-O Nc6 10. Be3 Qc7 11. Rc1 Rd8 12. Qd2 b6 13. Rfd1 Bb7 14. f3 Rac8
15. Bh6 Na5 16. Bd3 Bh8 17. e5 c4 18. Be4 Bxe5 19. Nf4 e6 20. Qe3 Bf6 21. h4
Bxh4 22. Bxb7 Nxb7 23. Nxe6 fxe6 24. Qxe6+ Qf7 25. Qe4 Bf6 26. Qf4 Nd6 {White
resigns} 0-1

[Event "Team 45 45 League T63"]
[Site "Internet Chess Club"]
[Date "2014.12.20"]
[Round "4"]
[White "Nathan-L"]
[Black "Cronan"]
[Result "1/2-1/2"]
[WhiteElo "1771"]
[BlackElo "1617"]
[Opening "Caro-Kann: anti-anti-Caro-Kann defense"]
[ECO "A11"]
[Time "12:00:34"]
[TimeControl "2700+45"]

1. c4 c6 2. e4 d5 3. cxd5 cxd5 4. exd5 Nf6 5. Nf3 Nxd5 6. Bc4 Be6 7. O-O g6 8.
d3 Bg7 9. Qb3 Qd7 10. Nc3 Nxc3 11. bxc3 Bxc4 12. dxc4 O-O 13. Ba3 Nc6 14. Rfd1
Qc7 15. Rab1 Na5 16. Qb4 Bf6 17. c5 Rac8 18. Nd4 a6 19. Bc1 Rfd8 20. Be3 Qxc5
21. Qxc5 Rxc5 22. Ne6 Rxd1+ 23. Rxd1 Rc8 24. Rd8+ Rxd8 25. Nxd8 e6 26. Bb6 Bxd8
27. Bxd8 Nc4 28. Kf1 b5 29. Ke2 Kf8 30. Kd3 f5 31. Kd4 Ke8 32. Bf6 Kd7 33. Kc5
Kc7 34. a4 Nd2 35. Be5+ Kb7 36. axb5 Ne4+ 37. Kb4 axb5 38. Kxb5 Nxf2 39. c4 Nd3
40. Bd6 e5 41. c5 e4 42. c6+ Kc8 43. Kc4 g5 44. Kd4 h5 45. g3 g4 46. Ke3 Ne1 47.
Kf4 Nf3 48. Kxf5 e3 49. Kg6 e2 50. Bb4 Kc7 51. Kxh5 Nxh2 52. Kg5 Nf1 {Game drawn
by mutual agreement} 1/2-1/2

[Event "Team 45 45 League T63"]
[Site "Internet Chess Club"]
[Date "2014.12.18"]
[Round "4"]
[White "kidcobra"]
[Black "lacibacsi"]
[Result "0-1"]
[WhiteElo "1761"]
[BlackElo "2017"]
[Opening "Caro-Kann: two knights variation"]
[ECO "B10"]
[Time "16:00:28"]
[TimeControl "2700+45"]

1. e4 c6 2. Nf3 d5 3. Nc3 Nf6 4. exd5 cxd5 5. d4 Bg4 6. Bb5+ Nc6 7. h3 Bxf3 8.
Qxf3 e6 9. a3 Bd6 10. Bg5 O-O 11. Bxf6 Qxf6 12. Qxf6 gxf6 13. O-O-O Rfc8 14. Rd3
a6 15. Ba4 b5 16. Bb3 Rab8 17. g4 a5 18. a4 bxa4 19. Bxa4 Bf4+ 20. Kb1 Nxd4 21.
Rxd4 Be5 22. Ne2 Bxd4 23. Nxd4 Rc4 24. Nc6 Rb6 25. Ne7+ Kf8 26. Nxd5 exd5 27.
Bb3 Rcb4 28. Rc1 d4 29. Rd1 a4 30. Bd5 Rxb2+ 31. Ka1 Rxc2 32. g5 fxg5 33. h4
gxh4 34. f4 Rd6 35. f5 Rxd5 36. f6 Rf2 37. Rc1 Rxf6 38. Kb1 Rf2 39. Rh1 Re5 40.
Ka1 h3 41. Rb1 h2 42. Rb5 Re1+ 43. Rb1 Rxb1+ 44. Kxb1 h1=R# {White checkmated}
0-1

[Event "Team 45 45 League T63"]
[Site "Internet Chess Club"]
[Date "2014.12.19"]
[Round "4"]
[White "Tobiasdelmonte"]
[Black "RamRock"]
[Result "1/2-1/2"]
[WhiteElo "1807"]
[BlackElo "1690"]
[Opening "Dutch"]
[ECO "A80"]
[Time "22:04:17"]
[TimeControl "2700+45"]

1. d4 f5 2. Nc3 Nf6 3. Bg5 e6 4. e4 fxe4 5. Nxe4 Be7 6. Bxf6 Bxf6 7. Qh5+ g6 8.
Qh6 Nc6 9. c3 Qe7 10. Nf3 b6 11. Bd3 Bg7 12. Qd2 Bb7 13. O-O O-O 14. Rfe1 Nd8
15. Rad1 Nf7 16. c4 Nd6 17. d5 Nxe4 18. Bxe4 d6 19. dxe6 Bxe4 20. Rxe4 Rae8 21.
Rde1 Rf5 22. Nd4 Bxd4 23. Qxd4 Qf6 24. Qxf6 Rxf6 25. f3 Kg7 26. Kf2 Re7 27. R1e3
Rf8 28. Ke2 Rfe8 29. Kd3 Kf6 30. Rf4+ Kg7 31. Rfe4 Kf6 32. Rh4 Kg7 33. Rhe4 Kf6
34. Kd4 c6 35. Ra3 a5 36. Rb3 Rb8 37. Rbe3 Rbe8 38. Rf4+ Kg7 39. Rb3 Rb8 40. Re4
Kf6 41. Rf4+ Kg7 42. Re4 Kf6 43. f4 Rxe6 44. Rxe6+ Kxe6 45. Re3+ Kf6 46. g4 b5
47. c5 Rd8 48. Re2 d5 49. Re5 Rd7 50. h4 Re7 51. Rxe7 Kxe7 52. Ke5 a4 53. f5
gxf5 54. Kxf5 Kf7 55. g5 Kg7 56. h5 Kf7 57. a3 Kf8 58. Ke5 Kg7 59. Kf4 Kg8 60.
Ke5 Kg7 61. Kd4 Kf7 62. Ke3 Ke6 63. Kf4 Ke7 64. Kf5 Kf7 65. Kf4 Ke6 66. Kg4 Kf7
67. Kf5 {Game drawn by mutual agreement} 1/2-1/2

[Event "Team 45 45 League T63"]
[Site "Internet Chess Club"]
[Date "2014.12.20"]
[Round "4"]
[White "Timotheous"]
[Black "FourKnights"]
[Result "1/2-1/2"]
[WhiteElo "1772"]
[BlackElo "1775"]
[Opening "English opening: Agincourt variation"]
[ECO "A13"]
[Time "12:07:06"]
[TimeControl "2700+45"]

1. Nf3 d5 2. c4 e6 3. b3 Nf6 4. g3 c5 5. Bb2 Be7 6. Bg2 O-O 7. O-O Nc6 8. e3 d4
9. exd4 cxd4 10. d3 e5 11. Re1 Bd6 12. Ba3 Re8 13. Bxd6 Qxd6 14. Nbd2 Bf5 15.
Qb1 Nb4 16. Bf1 a5 17. Ng5 b6 18. Nge4 Nxe4 19. Nxe4 Qc7 20. Bg2 Rac8 21. a3 Na6
22. b4 Rb8 23. Ra2 Qd7 24. b5 Nc7 25. Nd2 Qd6 26. a4 Qg6 27. Be4 Ne6 28. Bxf5
Qxf5 29. Ne4 Rbd8 30. Rae2 f6 31. Rf1 Qg6 32. Kh1 f5 33. Nd2 Nc5 {Game drawn by
mutual agreement} 1/2-1/2

[Event "Team 45 45 League T63"]
[Site "Internet Chess Club"]
[Date "2014.12.18"]
[Round "4"]
[White "fireball"]
[Black "hewdondada"]
[Result "0-1"]
[WhiteElo "1606"]
[BlackElo "1761"]
[Opening "Scandinavian (center counter) defense"]
[ECO "B01"]
[Time "21:04:30"]
[TimeControl "2700+45"]

1. e4 d5 2. exd5 Qxd5 3. Nf3 c6 4. d4 Nf6 5. c4 Qa5+ 6. Bd2 Qc7 7. Nc3 Bg4 8.
Be2 e6 9. O-O Be7 10. Ne5 Bxe2 11. Qxe2 Nbd7 12. f4 Rf8 13. c5 O-O-O 14. Be3 Nd5
15. a4 Nxe5 16. fxe5 f6 17. Nxd5 Rxd5 18. Bf4 Rxd4 19. Qe3 Qd7 20. Qc3 Rd5 21.
b4 f5 22. Qc2 g5 23. Bg3 Rd2 24. Qc4 Qd4+ 25. Qxd4 Rxd4 26. Rab1 Rxb4 27. Rxb4
Bxc5+ 28. Bf2 Bxb4 29. Bxa7 Kc7 30. Bd4 Rd8 31. Ba1 Ra8 32. g4 f4 33. Rf3 Rxa4
34. Bd4 h6 35. Rh3 Bf8 36. Bb2 b5 37. Rf3 c5 38. Rb3 Kc6 39. Kf2 Ra2 40. Kf3 c4
{White resigns} 0-1

[Event "Team 45 45 League T63"]
[Site "Internet Chess Club"]
[Date "2014.12.20"]
[Round "4"]
[White "primerpaso"]
[Black "CodeSquad"]
[Result "1-0"]
[WhiteElo "1901"]
[BlackElo "1797"]
[Opening "English: symmetrical variation"]
[ECO "A38"]
[Time "20:00:42"]
[TimeControl "2700+45"]

1. c4 c5 2. Nc3 Nc6 3. g3 Nf6 4. Bg2 g6 5. Nf3 Bg7 6. O-O d6 7. d4 cxd4 8. Nxd4
Nxd4 9. Qxd4 O-O 10. Qh4 Rb8 11. Bf4 Be6 12. c5 Nh5 13. cxd6 exd6 14. Bg5 Qb6
15. Na4 Qd4 16. Qxd4 Bxd4 17. Be7 Rfe8 18. Bxd6 Rbd8 19. Ba3 b5 20. Nc3 Bxc3 21.
bxc3 Bc4 22. Bc5 Rxe2 23. Bxa7 Rxa2 24. Rxa2 Bxa2 25. Bc6 Rc8 26. Bxb5 Rxc3 27.
Ra1 Bd5 28. Rd1 Ra3 29. Be3 Bf3 30. Rc1 Kg7 31. Bd4+ Nf6 32. Bc6 Rd3 33. Bb2
Rd1+ 34. Rxd1 Bxd1 35. h4 h6 36. f4 Bg4 37. Be4 h5 38. Kf2 Bf5 39. Bc6 Bc2 40.
Be5 Bb1 41. Ke3 Bc2 42. Kd4 {Black resigns} 1-0

[Event "Team 45 45 League T63"]
[Site "Internet Chess Club"]
[Date "2014.12.21"]
[Round "4"]
[White "bobhill"]
[Black "Heian"]
[Result "1-0"]
[WhiteElo "2006"]
[BlackElo "1785"]
[Opening "Queen's pawn"]
[ECO "A40"]
[Time "16:04:29"]
[TimeControl "2700+45"]

1. d4 e6 2. Nf3 d5 3. Bg5 Be7 4. Bxe7 Qxe7 5. e3 f5 6. Ne5 Nf6 7. Nd2 Nbd7 8. f4
O-O 9. c3 Nxe5 10. fxe5 Ng4 11. Qe2 Qg5 12. O-O-O Qxe3 13. Re1 Qg5 14. h3 Nh6
15. Qf2 c6 16. Bd3 a5 17. Kb1 b5 18. Nf3 Qe7 19. Reg1 a4 20. g4 f4 21. g5 Nf5
22. Rg4 Ng3 23. Rc1 g6 24. Nh2 Nh5 25. Rgg1 Ba6 26. Ng4 b4 27. Bxa6 Rxa6 28.
Nf6+ Kh8 29. Nxh5 gxh5 30. Qe2 Rb6 31. Qxh5 bxc3 32. g6 Rxb2+ 33. Ka1 Rfb8 34.
Rxc3 Qb7 35. Qxh7+ Qxh7 36. gxh7 R8b6 37. Rf3 Kxh7 38. Rxf4 {Black resigns} 1-0

[Event "Team 45 45 League T63"]
[Site "Internet Chess Club"]
[Date "2014.12.17"]
[Round "4"]
[White "Portola"]
[Black "misuc56"]
[Result "1/2-1/2"]
[WhiteElo "1818"]
[BlackElo "1744"]
[Opening "Queen's pawn game"]
[ECO "D02"]
[Time "16:00:20"]
[TimeControl "2700+45"]

1. d4 d5 2. Nf3 e6 3. Bf4 f5 4. e3 Nf6 5. Nbd2 c6 6. c3 Bd6 7. Bg3 O-O 8. Bd3
Qe7 9. Qe2 Nbd7 10. Ne5 Ne4 11. Ndf3 Ndf6 12. Bh4 Qe8 13. O-O h6 14. Bg3 Nxg3
15. hxg3 Nd7 16. Nxd7 Bxd7 17. Ne5 Bxe5 18. dxe5 a6 19. b4 Qe7 20. f4 c5 21. a3
c4 22. Bc2 a5 23. Qd2 Ra6 24. Rfb1 axb4 25. axb4 Rfa8 26. Qd1 Qd8 27. Rxa6 Rxa6
28. Ra1 Qb6 29. Kf2 Qa7 30. Rxa6 Qxa6 31. Qc1 Qa2 32. Kg1 Ba4 33. Bxa4 Qxa4 34.
Qd2 Qa1+ 35. Kh2 Qb1 36. Qd4 Qa2 37. Qc5 Kh7 38. Qd6 Qe2 39. Qxe6 Qh5+ 40. Kg1
Qd1+ 41. Kh2 Qh5+ 42. Kg1 Qd1+ 43. Kh2 Qh5+ {Game drawn by repetition} 1/2-1/2

[Event "Team 45 45 League T63"]
[Site "Internet Chess Club"]
[Date "2014.12.20"]
[Round "4"]
[White "Beetlejuice"]
[Black "isolani"]
[Result "1-0"]
[WhiteElo "1807"]
[BlackElo "1528"]
[Opening "Nimzo-Indian: 4.e3 c5, 5.Ne2 (Rubinstein, anti-Hübner system)"]
[ECO "E42"]
[Time "15:02:41"]
[TimeControl "2700+45"]

1. d4 Nf6 2. c4 e6 3. Nc3 Bb4 4. e3 c5 5. Ne2 d5 6. a3 Bxc3+ 7. Nxc3 cxd4 8.
exd4 Nc6 9. Be3 O-O 10. Bd3 dxc4 11. Bxc4 Nd5 12. Nxd5 exd5 13. Bd3 Ne7 14. Qf3
Ng6 15. O-O Be6 16. Qe2 a6 17. Qd2 Qd7 18. Qb4 Bf5 19. Bxf5 Qxf5 20. Qxb7 Rfb8
21. Qc6 Ne7 22. Qc5 Qd7 23. b4 Rc8 24. Qa5 h6 25. Rfc1 Nc6 26. Qa4 Qb7 27. Rc5
Ne7 28. Rac1 Kh7 29. R1c3 Kg6 30. Qc2+ Kf6 31. Rc7 Rxc7 32. Rxc7 Qb6 33. Qc5 Qe6
34. Rb7 Rc8 35. Rb6 Nc6 36. Rxa6 Kf5 {Black resigns} 1-0

[Event "Team 45 45 League T63"]
[Site "Internet Chess Club"]
[Date "2014.12.21"]
[Round "4"]
[White "thecube"]
[Black "jjmolina"]
[Result "1/2-1/2"]
[WhiteElo "1877"]
[BlackElo "1746"]
[Opening "QGD: exchange, positional line, 6.Qc2"]
[ECO "D36"]
[Time "12:08:57"]
[TimeControl "2700+45"]

1. d4 e6 2. c4 d5 3. Nc3 Nf6 4. cxd5 exd5 5. Bg5 c6 6. Qc2 Be7 7. e3 O-O 8. Nf3
Bg4 9. Ne5 Nbd7 10. Bxf6 Nxf6 11. Bd3 Bh5 12. O-O Re8 13. Rab1 Qc8 14. Bf5 Qd8
15. b4 Bg6 16. Nxg6 hxg6 17. Bh3 Bd6 18. b5 Qc7 19. g3 c5 20. dxc5 Qxc5 21. Qb3
d4 22. Na4 Qh5 23. Kg2 dxe3 24. fxe3 Qe2+ 25. Rf2 Qxe3 26. Qxe3 Rxe3 27. Rd1 Ra3
28. Nb2 Ne4 29. Rc2 Rxa2 30. Rd4 Ba3 31. Rxe4 Rxb2 32. Rxb2 Bxb2 33. Re7 a5 34.
Rxb7 a4 35. b6 a3 36. Ra7 Rb8 37. b7 a2 38. Rxa2 Rxb7 {Game drawn by mutual
agreement} 1/2-1/2

[Event "Team 45 45 League T63"]
[Site "Internet Chess Club"]
[Date "2014.12.20"]
[Round "4"]
[White "Crazyblue86"]
[Black "nikenwidiartto"]
[Result "0-1"]
[WhiteElo "1734"]
[BlackElo "1917"]
[Opening "QGD Slav: 4.e3 Bf5"]
[ECO "D12"]
[Time "06:38:55"]
[TimeControl "2700+45"]

1. d4 d5 2. c4 c6 3. Nf3 Nf6 4. e3 Bf5 5. Nc3 e6 6. Be2 Nbd7 7. O-O h6 8. Qb3
Qb6 9. Qxb6 axb6 10. a3 Bd6 11. cxd5 exd5 12. Bd2 O-O 13. Rfc1 Rfe8 14. Ne1 Ne4
15. Nxe4 Bxe4 16. Bd3 Nf6 17. f3 Bxd3 18. Nxd3 Ra4 19. h3 Nd7 20. Kf2 b5 21. Bb4
Bc7 22. Rc2 f5 23. Re1 Raa8 24. Rce2 Kf7 25. e4 fxe4 26. fxe4 dxe4 27. Rxe4 Rxe4
28. Rxe4 Re8 29. Kf3 Rxe4 30. Kxe4 Ke6 31. Nc5+ Nxc5+ 32. dxc5 h5 33. Bc3 g6 34.
b4 Bd8 35. Bb2 Bg5 36. g3 Bh6 37. g4 Bg5 38. gxh5 gxh5 39. Kd3 Kd5 40. Kc2 Ke4
{White resigns} 0-1

[Event "Team 45 45 League T63"]
[Site "Internet Chess Club"]
[Date "2014.12.19"]
[Round "4"]
[White "OperaDude94"]
[Black "elmaestro"]
[Result "1/2-1/2"]
[WhiteElo "1699"]
[BlackElo "1805"]
[Opening "Benkö gambit accepted"]
[ECO "A58"]
[Time "23:00:53"]
[TimeControl "2700+45"]

1. d4 Nf6 2. c4 c5 3. d5 b5 4. cxb5 a6 5. bxa6 g6 6. Nc3 Bxa6 7. e4 Bxf1 8. Kxf1
d6 9. f4 Nbd7 10. Nf3 Bg7 11. g3 O-O 12. Kg2 Qb6 13. Qc2 Rfb8 14. Re1 Qb7 15.
Re2 Ne8 16. b3 Nc7 17. Bd2 Na6 18. e5 Nb4 19. Qe4 f5 20. exf6 Bxf6 21. Qe6+ Kg7
22. Rae1 Nf8 23. Qe4 Kg8 24. Na4 Qxd5 25. Bxb4 Qxe4 26. Rxe4 Rxb4 27. Rxb4 cxb4
28. Re2 Nd7 29. g4 Kf7 30. g5 Bg7 31. Ne1 Rc8 32. Nd3 Bc3 33. Nxc3 bxc3 34. Rc2
d5 35. Kf3 Ke6 36. Ke3 Kd6 {Game drawn by mutual agreement} 1/2-1/2

[Event "Team 45 45 League T63"]
[Site "Internet Chess Club"]
[Date "2014.12.18"]
[Round "4"]
[White "pishd"]
[Black "pokerram"]
[Result "0-1"]
[WhiteElo "1761"]
[BlackElo "1627"]
[Opening "King's Indian: East Indian defense"]
[ECO "A48"]
[Time "07:03:28"]
[TimeControl "2700+45"]

1. d4 Nf6 2. Nf3 g6 3. e3 c5 4. Be2 Bg7 5. O-O cxd4 6. exd4 d5 7. Re1 O-O 8.
Nbd2 Nc6 9. c3 Bf5 10. Nh4 Bd7 11. Bd3 Qc7 12. Ndf3 Bg4 13. Qc2 Bxf3 14. Nxf3
Nd7 15. Qb3 Nb6 16. g3 e5 17. dxe5 Nxe5 18. Nxe5 Bxe5 19. Qb5 Bg7 20. Bf4 Qc6
21. Qb4 Nc4 22. Rac1 a5 23. Qb3 a4 24. Qc2 a3 25. b3 Nb2 26. Be5 Rfe8 27. Bxg7
Kxg7 28. Qd2 Rac8 29. Bf1 Rxe1 30. Qxe1 Re8 31. Qd2 Qc5 32. Bg2 Rd8 33. Qd4+
Qxd4 34. cxd4 Nd3 35. Rc7 b5 36. Bf1 Nb4 37. Ra7 Nc2 38. Rxa3 Nxa3 {White
resigns} 0-1